 Dungeon Crawl Stone Soup version 0.29.1-13-g9f3cf754e1 (webtiles) character file.

Game seed: 2146033296949721853

70 croobank the Trooper (level 4, 0/41 HPs)
             Began as a Gnoll Abyssal Knight on Jan 27, 2023.
             Succumbed to an adder's poison
             ... on level 1 of the Dungeon.
             The game lasted 00:07:32 (1914 turns).

croobank the Trooper (Gnoll Abyssal Knight)         Turns: 1914, Time: 00:07:33

Health: 0/41       AC:  4    Str: 12    XL:     4   Next: 22%
Magic:  7/7        EV: 12    Int: 12    God:
Gold:   128        SH:  0    Dex: 12    Spells: 5/5 levels left

rFire   . . .      SeeInvis .   a - +1 short sword
rCold   . . .      Faith    .   (no shield)
rNeg    . . .      Spirit   .   b - +0 leather armour
rPois   .          Reflect  .   g - +0 helmet
rElec   .          Harm     .   (no cloak)
rCorr   .          Rampage  .   (no gloves)
Will    +....                   (no boots)
Stlth   +.........              f - amulet of magic regeneration
HPRegen 0.13/turn               j - ring of willpower
MPRegen 0.50/turn               (no ring)

@: lethally poisoned (0 -> -1)
A: fangs 1, strong nose, distributed training
a: no special abilities


You were on level 1 of the Dungeon.
You visited 1 branch of the dungeon, and saw 2 of its levels.
You visited the Abyss 1 time.

You collected 128 gold pieces.

Inventory:

Hand Weapons
 a - a +1 short sword (weapon)
 i - a +0 dagger
Missiles
 c - 10 poisoned darts
 p - a silver boomerang (quivered)
Armour
 b - a +0 leather armour (worn)
 g - a +0 helmet (worn)
 m - a +0 ring mail
Jewellery
 f - an amulet of magic regeneration (around neck)
 j - a ring of willpower (left hand)
 n - an amulet of reflection
Scrolls
 d - 2 scrolls of identify {unknown}
 e - a scroll of summoning {unknown}
 h - 2 scrolls of enchant armour {unknown}
 o - a scroll of blinking {unknown}


   Skills:
 + Level 6.6 Fighting
 + Level 4.6 Short Blades
 + Level 1.1 Long Blades
 + Level 1.1 Axes
 + Level 1.1 Maces & Flails
 + Level 1.1 Polearms
 + Level 1.1 Staves
 + Level 1.1 Ranged Weapons
 + Level 1.1 Throwing
 + Level 4.6 Armour
 + Level 2.7 Dodging
 + Level 1.1 Stealth
 + Level 1.1 Shields
 + Level 1.1 Unarmed Combat
 + Level 1.1 Spellcasting
 + Level 0.9 Conjurations
 + Level 0.9 Hexes
 + Level 0.9 Summonings
 + Level 0.9 Necromancy
 + Level 0.9 Translocations
 + Level 0.9 Transmutations
 + Level 0.9 Fire Magic
 + Level 0.9 Ice Magic
 + Level 0.9 Air Magic
 + Level 0.9 Earth Magic
 + Level 0.9 Poison Magic
 + Level 4.7 Invocations
 + Level 1.1 Evocations


You had 5 spell levels left.
You didn't know any spells.
Your spell library contained the following spells:

 Spells                   Type           Power      Damage    Failure   Level
 Tukima's Dance           Hex            2%         N/A       61%         3
 Passage of Golubria      Tloc           2%         N/A       95%         4
 Yara's Violent Unravell  Hex/Tmut       1%         3d3       100%        5


Dungeon Overview and Level Annotations

Branches:
Dungeon (2/15)

Altars:

Annotations:
D:2 Sigmund


Innate Abilities, Weirdness & Mutations

You have very sharp teeth.
Your uncanny sense of smell can sniff out nearby items.
Your experience applies equally to all skills.


Message History

You hit the adder.
The adder is lightly wounded.
The adder completely misses you.
You barely miss the adder.
The adder is lightly wounded.
The adder bites you.
* * * LOW HITPOINT WARNING * * *
You barely miss the adder. Your punch misses the adder.
The adder is lightly wounded.
The adder bites you.
* * * LOW HITPOINT WARNING * * *
You are lethally poisoned!
The adder poisons you!
You aren't carrying any potions.
You hit the adder.
The adder is heavily wounded.
* * * LOW HITPOINT WARNING * * *
You feel sick. The adder closely misses you.
You hit the adder. You bite the adder, but do no damage.
The adder is almost dead.
* * * LOW HITPOINT WARNING * * *
You feel sick. The adder bites you but does no damage.
You closely miss the adder.
The adder is severely wounded.
* * * LOW HITPOINT WARNING * * *
You feel sick. The adder bites you but does no damage.
The adder barely misses you.
You hit the adder.
You kill the adder!
Lugonu accepts your kill.
* * * LOW HITPOINT WARNING * * *
You feel sick.
* * * LOW HITPOINT WARNING * * *
You feel sick.
You see here an adder corpse.
Really renounce your faith, foregoing its fabulous benefits?
Are you sure?
You have lost your religion!
Lugonu does not appreciate desertion!
You die...

###....#...####+#...#####.##.#
# ..#....#..........[.# #.##.#
# #.#....#............# #.##.#
# #.#....#............# #.##.#
# #.#....#............# #.##.#
# #.#....####.....#...# #.##.#
# #.#......#####..#...# #.##.#
# #.#......# #..#...#####.##.#
# #.#......# ##>@............#
#
#.#......########.#######.####
# #........'........#### #.# #
######...#...........# #.# #
#...#...........# #.#######
#...#...........# #........
#...############# #########
#...# #####


There were no monsters in sight!

Vanquished Creatures
  An orc wizard (D:2)
  An adder (D:1)
  A dart slug (D:2)
  3 orcs (D:2)
  3 ball pythons
  4 endoplasms
  A giant cockroach (D:2)
  2 goblins (D:1)
  3 hobgoblins
  2 jackals (D:2)
  4 kobolds
  3 quokkas
  A bat (D:2)
  4 frilled lizards
  4 rats
37 creatures vanquished.

Vanquished Creatures (others)
  A fungus (D:1)
1 creature vanquished.

Grand Total: 38 creatures vanquished

Notes
Turn   | Place    | Note
-------+----------+-------------------------------------------
     0 | Abyss:1  | croobank the Gnoll Abyssal Knight began the quest for the
                  | Orb.
     0 | Abyss:1  | Reached XP level 1. HP: 23/23 MP: 3/3
     4 | Abyss:1  | Found a corrupted altar of Lugonu.
     9 | Abyss:1  | Found a corrupted altar of Lugonu.
    36 | D:1      | Escaped the Abyss
   667 | D:1      | Reached XP level 2. HP: 29/29 MP: 5/5
  1498 | D:2      | Reached XP level 3. HP: 34/35 MP: 6/6
  1524 | D:2      | Reached skill level 1 in Long Blades
  1524 | D:2      | Reached skill level 1 in Axes
  1524 | D:2      | Reached skill level 1 in Maces & Flails
  1524 | D:2      | Reached skill level 1 in Polearms
  1524 | D:2      | Reached skill level 1 in Staves
  1524 | D:2      | Reached skill level 1 in Ranged Weapons
  1524 | D:2      | Reached skill level 1 in Throwing
  1524 | D:2      | Reached skill level 1 in Stealth
  1524 | D:2      | Reached skill level 1 in Shields
  1524 | D:2      | Reached skill level 1 in Unarmed Combat
  1524 | D:2      | Reached skill level 1 in Spellcasting
  1524 | D:2      | Reached skill level 1 in Evocations
  1733 | D:2      | Reached XP level 4. HP: 31/41 MP: 7/7
  1868 | D:2      | Noticed Sigmund
  1912 | D:1      | HP: 2/41 [poisoned by an adder]
  1914 | D:1      | Fell from the grace of Lugonu
  1914 | D:1      | Succumbed to an adder's poison

Illustrated notes

Levels and vault maps discovered:
D:1:      eino_arrival_tree_alley, layout_basic, dreamdust_mushroom_princess
D:2:      layout_loops_ring, minmay_pentomino_x2, uniq_sigmund

Skill      XL: |  1  2  3 |
---------------+----------+-----
Long Blades    | 1 |  1.1
Axes           | 1 |  1.1
Maces & Flails | 1 |  1.1
Polearms       | 1 |  1.1
Staves         | 1 |  1.1
Ranged Weapons | 1 |  1.1
Throwing       | 1 |  1.1
Stealth        | 1 |  1.1
Shields        | 1 |  1.1
Unarmed Combat | 1 |  1.1
Spellcasting   | 1 |  1.1
Evocations     | 1 |  1.1
Fighting       | |  6.6
Short Blades   | |  4.6
Armour         | |  4.6
Dodging        | |  2.7
Conjurations   | |  0.9
Hexes          | |  0.9
Summonings     | |  0.9
Necromancy     | |  0.9
Translocations | |  0.9
Transmutations | |  0.9
Fire Magic     | |  0.9
Ice Magic      | |  0.9
Air Magic      | |  0.9
Earth Magic    | |  0.9
Poison Magic   | |  0.9
Invocations    | |  4.7

Action                   |  1- 3 |  4- 6 || total
-------------------------+-------+-------++-------
Melee: Short sword       |   130 |    21 ||   151
       Bite              |     8 |     3 ||    11
       Punch             |     1 |       ||     1
Throw: Boomerang         |       |     1 ||     1
Invok: Bend Space        |       |     2 ||     2
       Renounce Religion |       |     1 ||     1
  Use: Potion            |     1 |     4 ||     5
 Stab: Sleeping          |     1 |       ||     1
Armor: Leather armour    |    26 |     8 ||    34
Dodge: Dodged            |    74 |    26 ||   100
